 Dungeon Sprint DCSS version 0.29.1-12-g30fa7ad0bf (webtiles) character file.

Game seed: 2619710604365679950

185962 boopmooplesden the Swordmaster (level 16, -23/183 HPs)
             Began as a Minotaur Berserker on Dec 15, 2022.
             Was the Champion of Trog.
             Killed from afar by a black draconian knight (32 damage)
             ... with a bolt of lightning
             ... in the Dungeon (Sprint IX: "|||||||||||||||||||||||||||||").
             The game lasted 00:17:31 (7237 turns).

boopmooplesden the Swordmaster (Minotaur Berserker) Turns: 7237, Time: 00:17:32

Health: -23/183    AC: 43    Str: 25    XL:     16   Next: 33%
Magic:  23/23      EV: 16    Int:  9    God:    Trog [******]
Gold:   855        SH: 18    Dex: 15    Spells: 15/15 levels left

rFire   + . .      SeeInvis .   t - +7 demon blade (flame)
rCold   + . .      Faith    .   J - +0 kite shield {reflect}
rNeg    . . .      Spirit   .   Q - +2 gold dragon scales
rPois   +          Reflect  +   x - +3 hat of Pondering {ponderous, Will+ MP+10 Int+5}
rElec   .          Harm     .   B - +2 cloak
rCorr   .          Rampage  .   G - +1 pair of gloves
Will    ++...      NoTele   +   A - +2 pair of boots
Stlth   ..........              O - amulet of regeneration
HPRegen 1.20/turn               E - ring of poison resistance
MPRegen 0.18/turn               N - +2 ring of slaying

@: on berserk cooldown, slowed, very slow
A: horns 2, retaliatory headbutt, low MP 1
}: 4/17 runes: decaying, serpentine, barnacled, gossamer
a: Renounce Religion, Berserk, Trog's Hand, Brothers in Arms


You were in the Dungeon.
You worshipped Trog.
Trog was exalted by your worship.
You visited 1 branch You collected 1352 gold pieces.
You spent 497 gold pieces at shops.

Inventory:

Hand Weapons
 a - a +0 falchion
 k - a +6 scimitar of holy wrath
 s - a +3 vorpal triple sword
 t - a +7 demon blade of flaming (weapon)
 w - the +6 long sword "Yngy" {vorpal, rPois Dex+5}
   (Trog gifted it to you in the Dungeon)

   It inflicts extra damage upon your enemies.
   Dex:       It affects your dexterity (+5).
   rPois:     It protects you from poison.
 y - the +12 falchion of Hatreg {vorpal, Str+3}
   (Trog gifted it to you in the Dungeon)

   It inflicts extra damage upon your enemies.
   Str:       It affects your strength (+3).
 H - a +3 antimagic triple sword
 I - the +11 great sword of Nightmares {flame, rElec Str+2}
   (Trog gifted it to you in the Dungeon)

   It burns those it strikes, dealing additional fire damage.
   Big, fiery blades are also staple armaments of hydra-hunters.
   Str:       It affects your strength (+2).
   rElec:     It insulates you from electricity.
Armour
 m - a +2 ring mail
 x - the +3 hat of Pondering (worn) {ponderous, Will+ MP+10 Int+5}
   (You took it off Gastronok in the Dungeon)

   Int:       It affects your intelligence (+5).
   MP:        It affects your magic capacity (+10).
   Will:      It increases your willpower.
 z - the +6 ring mail of Limited Liability {Harm Dex+2}
   (You bought it in a shop in the Dungeon)

   Dex:       It affects your dexterity (+2).
   Harm:      It increases damage dealt and taken.
 A - a +2 pair of boots (worn)
 B - a +2 cloak (worn)
 F - +1 ice dragon scales
 G - a +1 pair of gloves (worn)
 J - a +0 kite shield of reflection (worn)
 K - a +7 plate armour of ponderousness
 P - a +1 pair of boots
 Q - +2 gold dragon scales (worn)
Jewellery
 n - a +3 ring of dexterity
 o - a +3 ring of strength
 C - a ring of fire
 D - a ring of fire
 E - a ring of poison resistance (left hand)
 L - an amulet of magic regeneration
 M - a +6 ring of intelligence
 N - a +2 ring of slaying (right hand)
 O - an amulet of regeneration (around neck)
Wands
 j - a wand of quicksilver (10)
 v - a wand of flame (19)
Scrolls
 p - 5 scrolls of fear
 q - 2 scrolls of butterflies
 r - 5 scrolls of identify
Potions
 c - 8 potions of curing
 e - a potion of haste
 f - 4 potions of magic
 g - 5 potions of berserk rage
 i - a potion of invisibility
 R - 2 potions of resistance
 S - a potion of might


   Skills:
 O Level 27 Fighting
 O Level 27 Long Blades
 + Level 26.8 Armour
 + Level 23.7 Dodging
 + Level 7.6 Stealth
 O Level 27 Shields


You had 15 spell levels left.
You didn't know any spells.
Your spell library was empty.

Dungeon Overview and Level Annotations

Branches:
Dungeon (1/1)

Altars:
Cheibriados
Dithmenos
Elyvilon
Fedhas
Gozag
Hepliaklqana
Kikubaaqudgha
Makhleb
Nemelex Xobeh
Okawaru
Qazlal
Ru
Sif Muna
Trog
Uskayaw
Vehumet
Wu Jian
Xom
Yredelemnul
Zin
The Shining One
Jiyva
Lugonu

Shops:
D (=*[


Innate Abilities, Weirdness & Mutations

You have a pair of horns on your head.
You reflexively headbutt those who attack you in melee.
Your magical capacity is low. (-10% MP)


Message History

Something hits you but does no damage. x2
You miss something.
A black draconian knight appears from thin air!
Reactivating autopickup.
The black draconian knight hits you but does no damage.
You slice the black draconian knight!! You burn the black draconian knight.
You headbutt the black draconian knight, but do no damage.
The black draconian knight is lightly wounded.
The black draconian knight casts a spell.
The black draconian knight flickers and vanishes!
Deactivating autopickup; reactivate with Ctrl-A.
The ironbound convoker begins to recite a word of recall!
You miss something. You headbutt something.
You hear some strange, mumbled words.
A bolt of cold appears from out of thin air!
The bolt of cold misses you.
A bolt of lightning appears from out of thin air!
The bolt of lightning hits you!
* * * LOW HITPOINT WARNING * * *
You hit something but do no damage. Something hits you but does no damage.
You slice something!! You burn something!
The vampire knight is recalled.
The Orb Guardian is recalled.
Something hits you!
* * * LOW HITPOINT WARNING * * *
Something freezes you.
* * * LOW HITPOINT WARNING * * *
A vampire knight and an Orb Guardian come into view.
The vampire knight is wielding a +3 vorpal battleaxe.
You slash something! You burn something. You headbutt something!
Something hits you!
* * * LOW HITPOINT WARNING * * *
Something hits you!
* * * LOW HITPOINT WARNING * * *
Something freezes you.
* * * LOW HITPOINT WARNING * * *
You slash something! You burn something.
The vampire knight casts a spell.
The vampire knight seems to speed up.
A bolt of lightning appears from out of thin air!
The bolt of lightning hits you!!
You die...

▓▓▓▓▓▓▓▓▓▓▓▓▓▓▓▓▓▓▓▓▓▓▓▓▓▓▓▓▓▓▓▓▓
)))p).X..VXGpXX{@.)..)..)))))'...
▓▓▓▓▓▓▓▓▓▓▓▓▓▓▓▓▓▓▓▓▓▓▓▓▓▓▓▓▓▓▓▓▓
.................................
▓▓▓▓▓▓▓▓▓▓▓▓▓▓▓▓▓▓▓♣♣♣♣♣♣♣♣♣♣♣♣♣♣
)))))............†)........††.[)'
▓▓▓▓▓▓▓▓▓▓▓▓▓▓▓▓▓▓▓♣♣♣♣♣♣♣♣♣♣♣♣♣♣
..........................)......
▓▓▓▓▓▓▓▓▓▓▓▓▓▓▓▓▓▓▓▓▓▓▓▓▓▓▓▓▓▓▓▓▓
...[[.[.[...))))))...".....'.....


You could see 3 Orb Guardians, a vampire knight (fast), a great orb of eyes
shaped shifter and an ironbound convoker (catching breath).

Vanquished Creatures
  Frederick (D)
  Margery (D)
  Nikola (D)
  Gastronok (D)
  2 shadow dragons (D)
  Donald (D)
  Ilsuiw (D)
  A storm dragon (D)
  5 nagarajas (D)
  A fenstrider witch (D)
  2 fire giants (D)
  4 emperor scorpions (D)
  A ghost moth (D)
  A vault warden (D)
  6 stone giants (D)
  4 very ugly things (D)
  6 ironbound preservers (D)
  A vampire knight (D)
  A dire elephant (D)
  3 entropy weavers (D)
  A spark wasp (D)
  Snorg (D)
  5 merfolk impalers (D)
  An ettin (D)
  4 merfolk javelineers (D)
  A fire dragon (D)
  2 great orbs of eyes (D)
  A rakshasa (D)
  Erolcha (D)
  25 vault guards (D)
  4 boulder beetles (D)
  2 ice dragons (D)
  A centaur warrior (D)
  2 two-headed ogres (D)
  5 hydras (D)
  3 merfolk aquamancers (D)
  3 naga warriors (D)
  2 tengu warriors (D)
  A deep troll earth mage (D)
  A naga sharpshooter (D)
  4 orc high priests (D)
  Urug (D)
  Sonja (D)
  3 hell knights (D)
  A steelbarb worm (D)
  3 spriggan druids (D)
  2 flayed ghosts (D)
  A naga ritualist (D)
  7 swamp dragons (D)
  A bog body (D)
  A sea snake (D)
  A glowing orange brain (D)
  A deep elf pyromancer (D)
  5 orc knights (D)
  A necromancer (D)
  3 wolf spiders (D)
  A cyclops (D)
  An orc sorcerer (D)
  A will-o-the-wisp (D)
  4 manticores (D)
  3 moths of wrath (D)
  An ugly thing (D)
  2 guardian serpents (D)
  4 black mambas (D)
  Maurice (D)
  2 vault sentinels (D)
  A torpor snail (D)
  3 naga magi (D)
  2 cane toads (D)
  A demonic crawler (D)
  A gargoyle (D)
  3 rime drakes (D)
  A yaktaur (D)
  A wind drake (D)
  2 merfolk (D)
  A snapping turtle (D)
  2 blink frogs (D)
  2 slime creatures (D)
  A jumping spider (D)
  A water elemental (D)
  A wyvern (D)
  3 yaks (D)
  A basilisk (D)
  A steam dragon (D)
  2 redbacks (D)
  An acid dragon (D)
  3 nagas (D)
  3 wargs (D)
  4 water moccasins (D)
  A hell hound (D)
  7 orc warriors (D)
  An ice beast (D)
  2 swamp drakes (D)
  4 wolves (D)
  A centaur (D)
  A phantom (D)
  2 bullfrogs (D)
  A scorpion (D)
  A killer bee (D)
  2 orc priests (D)
  2 orc wizards (D)
  2 adders (D)
  15 orcs (D)
  A giant cockroach (D)
  2 hobgoblins (D)
  A bat (D)
  A goblin (D)
254 creatures vanquished.

Vanquished Creatures (collateral kills)
  A shadow dragon (D)
  A nagaraja (D)
  A fenstrider witch (D)
  A fire giant (D)
  An ice dragon (D)
  A rakshasa (D)
  A deep troll shaman (D)
  A dancing weapon (D)
  A tengu warrior (D)
  A phantasmal warrior (D)
  An ironbound convoker (D)
  A necromancer (D)
  An ugly thing (D)
  A wolf spider (D)
  An orc sorcerer (D)
  A manticore (D)
  An orc (D)
  A ball python simulacrum (D)
18 creatures vanquished.

Vanquished Creatures (others)
  2 orcs (D)
2 creatures vanquished.

Grand Total: 274 creatures vanquished

Notes
Turn   | Place    | Note
-------+----------+-------------------------------------------
     0 | D        | boopmooplesden the Minotaur Berserker began the quest for
                  | the Orb.
     0 | D        | Reached XP level 1. HP: 19/19 MP: 0/0
     7 | D        | Reached ** piety under Trog
    18 | D        | Noticed a scorpion
    18 | D        | Noticed an ice beast
    18 | D        | Noticed a phantom
    22 | D        | Killed a phantom
    23 | D        | Reached XP level 2. HP: 31/31 MP: 1/1
    23 | D        | Reached XP level 3. HP: 38/38 MP: 2/2
    23 | D        | Reached XP level 4. HP: 45/45 MP: 3/3
    24 | D        | Reached *** piety under Trog
    34 | D        | Killed an ice beast
    35 | D        | Reached XP level 5. HP: 56/56 MP: 4/4
    39 | D        | Reached skill level 10 in Long Blades
   208 | D        | Found a snail-covered altar of Cheibriados.
   208 | D        | Found a shadowy altar of Dithmenos.
   208 | D        | Found a white marble altar of Elyvilon.
   208 | D        | Found a blossoming altar of Fedhas.
   208 | D        | Found an opulent altar of Gozag.
   209 | D        | Found a hazy altar of Hepliaklqana.
   210 | D        | Found a viscous altar of Jiyva.
   211 | D        | Found an ancient bone altar of Kikubaaqudgha.
   212 | D        | Found a corrupted altar of Lugonu.
   213 | D        | Found a burning altar of Makhleb.
   214 | D        | Found a sparkling altar of Nemelex Xobeh.
   215 | D        | Found an iron altar of Okawaru.
   216 | D        | Found a stormy altar of Qazlal.
   217 | D        | Found a sacrificial altar of Ru.
   218 | D        | Found a shimmering blue altar of Sif Muna.
   219 | D        | Found a bloodstained altar of Trog.
   220 | D        | Found a hide-covered altar of Uskayaw.
   221 | D        | Found a radiant altar of Vehumet.
   222 | D        | Found an ornate altar of the Wu Jian Council.
   223 | D        | Found a shimmering altar of Xom.
   224 | D        | Found a basalt altar of Yredelemnul.
   225 | D        | Found a glowing silver altar of Zin.
   226 | D        | Found a glowing golden altar of the Shining One.
   271 | D        | Noticed an acid dragon
   271 | D        | Noticed a wyvern
   271 | D        | Noticed a centaur
   271 | D        | Noticed a gargoyle
   271 | D        | Noticed a steam dragon
   275 | D        | Killed a steam dragon
   276 | D        | Reached skill level 10 in Fighting
   276 | D        | Reached skill level 5 in Armour
   276 | D        | Reached skill level 5 in Dodging
   276 | D        | Reached XP level 6. HP: 67/67 MP: 5/5
   279 | D        | Killed a gargoyle
   279 | D        | Reached **** piety under Trog
   280 | D        | Reached XP level 7. HP: 75/75 MP: 6/6
   286 | D        | Killed a wyvern
   293 | D        | Reached ***** piety under Trog
   294 | D        | Reached XP level 8. HP: 85/85 MP: 7/7
   615 | D        | Noticed a manticore
   615 | D        | Noticed a two-headed ogre
   615 | D        | Noticed a boulder beetle
   615 | D        | Noticed a two-headed ogre
   615 | D        | Noticed a cyclops
   618 | D        | Killed a cyclops
   619 | D        | Reached skill level 15 in Long Blades
   622 | D        | Killed a two-headed ogre
   623 | D        | Reached XP level 9. HP: 96/96 MP: 8/8
   627 | D        | Killed a two-headed ogre
   628 | D        | Reached skill level 15 in Fighting
   632 | D        | Killed a manticore
   634 | D        | Received a gift from Trog
   930 | D        | Noticed a cane toad
   935 | D        | Noticed a cane toad
   938 | D        | Killed a cane toad
   939 | D        | Noticed a rime drake
   945 | D        | Killed a cane toad
   946 | D        | Reached XP level 10. HP: 107/107 MP: 9/9
   947 | D        | Received a gift from Trog
  1174 | D        | Noticed a black mamba
  1181 | D        | Reached skill level 10 in Armour
  1183 | D        | Received a gift from Trog
  1192 | D        | Killed a black mamba
  1203 | D        | Received a gift from Trog
  1368 | D        | Reached ****** piety under Trog
  1410 | D        | Noticed Erolcha
  1412 | D        | Noticed Gastronok
  1418 | D        | Killed Erolcha
  1418 | D        | Identified the +6 long sword "Yngy" {vorpal, rPois Dex+5}
                  | (Trog gifted it to you in the Dungeon)
  1418 | D        | Received a gift from Trog
  1419 | D        | Reached skill level 10 in Dodging
  1429 | D        | Killed Gastronok
  1430 | D        | Reached XP level 11. HP: 69/121 MP: 10/10
  1673 | D        | Noticed Urug
  1681 | D        | Killed Urug
  1749 | D        | Received a gift from Trog
  1762 | D        | Received a gift from Trog
  1790 | D        | Noticed an orc knight
  1790 | D        | Noticed an orc knight
  1790 | D        | Noticed an orc knight
  1799 | D        | Killed an orc knight
  1806 | D        | Killed an orc knight
  1811 | D        | Killed an orc knight
  1818 | D        | Noticed an orc high priest
  1824 | D        | Received a gift from Trog
  1836 | D        | Killed an orc high priest
  2104 | D        | Found Jarapis's Armour Boutique.
  2104 | D        | Noticed an orc high priest
  2104 | D        | Noticed an orc sorcerer
  2104 | D        | Noticed an orc knight
  2104 | D        | Noticed an orc high priest
  2106 | D        | Noticed a sixfirhy
  2110 | D        | Killed an orc high priest
  2111 | D        | Found Meleacku's General Store.
  2115 | D        | Killed an orc knight
  2118 | D        | Killed an orc sorcerer
  2118 | D        | Noticed an orc sorcerer
  2120 | D        | Found Jisacviw's Jewellery Boutique.
  2125 | D        | Killed an orc high priest
  2137 | D        | Gained mutation: Your magical capacity is low. (-10% MP) [a
                  | neqoxec]
  2144 | D        | Killed an orc sorcerer
  2146 | D        | Identified the +12 falchion of Hatreg {vorpal, Str+3} (Trog
                  | gifted it to you in the Dungeon)
  2146 | D        | Received a gift from Trog
  2449 | D        | Found Xowyt's Antique Weapon Shop.
  2454 | D        | Noticed an orc high priest
  2466 | D        | Killed an orc high priest
  2479 | D        | Bought the +6 ring mail of Limited Liability {Harm Dex+2}
                  | for 452 gold pieces
  2481 | D        | Bought a +0 pair of boots for 45 gold pieces
  2543 | D        | Noticed Sonja
  2551 | D        | Killed Sonja
  2552 | D        | Reached skill level 1 in Stealth
  2584 | D        | Noticed Maurice
  2590 | D        | Killed Maurice
  2591 | D        | Reached XP level 12. HP: 116/134 MP: 9/9
  2717 | D        | Noticed a centaur warrior
  2717 | D        | Noticed a boulder beetle
  2717 | D        | Noticed a tengu warrior
  2718 | D        | Noticed a tengu warrior
  2730 | D        | Killed a tengu warrior
  2731 | D        | Noticed a boulder beetle
  2732 | D        | Received a gift from Trog
  2736 | D        | Noticed an ice dragon
  2738 | D        | Killed a centaur warrior
  2746 | D        | Killed a boulder beetle
  2747 | D        | Noticed a rakshasa
  2748 | D        | Noticed a deep troll shaman
  2749 | D        | Killed a tengu warrior
  2750 | D        | Killed an ice dragon
  2755 | D        | Killed a rakshasa
  2758 | D        | Killed a deep troll shaman
  2758 | D        | Received a gift from Trog
  2768 | D        | Killed a boulder beetle
  2952 | D        | Noticed an ice dragon
  2953 | D        | Noticed an ice dragon
  2959 | D        | Killed an ice dragon
  2969 | D        | Killed an ice dragon
  2972 | D        | Received a gift from Trog
  3270 | D        | Noticed a fenstrider witch
  3270 | D        | Noticed a seven-headed hydra
  3270 | D        | Noticed an eight-headed hydra
  3277 | D        | Killed a six-headed hydra
  3279 | D        | Killed a six-headed hydra
  3288 | D        | Received a gift from Trog
  3290 | D        | Noticed a fenstrider witch
  3290 | D        | Paralysed by a fenstrider witch for 4 turns
  3297 | D        | Killed a fenstrider witch
  3303 | D        | Reached XP level 13. HP: 35/149 MP: 10/10
  3304 | D        | Killed a fenstrider witch
  3308 | D        | Received a gift from Trog
  3611 | D        | Noticed an entropy weaver
  3626 | D        | Killed an entropy weaver
  3630 | D        | Reached skill level 15 in Armour
  3635 | D        | Noticed a spark wasp
  3640 | D        | Killed a spark wasp
  3988 | D        | Received a gift from Trog
  4013 | D        | Identified the +11 great sword of Nightmares {flame, rElec
                  | Str+2} (Trog gifted it to you in the Dungeon)
  4013 | D        | Received a gift from Trog
  4047 | D        | Reached skill level 27 in Long Blades
  4059 | D        | Reached skill level 5 in Stealth
  4063 | D        | Received a gift from Trog
  4225 | D        | Noticed Donald
  4242 | D        | Killed Donald
  4405 | D        | Noticed Snorg
  4414 | D        | Killed Snorg
  4415 | D        | Reached skill level 15 in Dodging
  4482 | D        | Noticed a vampire knight
  4482 | D        | Noticed a red very ugly thing
  4482 | D        | Noticed a stone giant
  4486 | D        | Noticed a stone giant
  4488 | D        | Noticed a storm dragon
  4493 | D        | Killed a vampire knight
  4493 | D        | Received a gift from Trog
  4494 | D        | Reached skill level 1 in Shields
  4494 | D        | Noticed a fire giant
  4496 | D        | Killed a stone giant
  4499 | D        | Noticed a stone giant
  4503 | D        | Killed a red very ugly thing
  4506 | D        | Killed a stone giant
  4506 | D        | Noticed a fire dragon
  4510 | D        | Killed a storm dragon
  4510 | D        | Noticed a stone giant
  4511 | D        | Reached skill level 27 in Fighting
  4511 | D        | Reached XP level 14. HP: 168/168 MP: 11/11
  4515 | D        | Killed a fire giant
  4518 | D        | Received a gift from Trog
  4521 | D        | Noticed a fire giant
  4524 | D        | Killed a stone giant
  4535 | D        | Killed a stone giant
  4552 | D        | Killed a fire giant
  4552 | D        | Received a gift from Trog
  4553 | D        | Reached skill level 5 in Shields
  4891 | D        | Noticed a stone giant
  4898 | D        | Killed a stone giant
  4920 | D        | Noticed a cyan very ugly thing
  4930 | D        | Killed a cyan very ugly thing
  4934 | D        | Noticed an ironbound preserver
  4939 | D        | Received a gift from Trog
  4945 | D        | Killed an ironbound preserver
  4952 | D        | Received a gift from Trog
  4958 | D        | Noticed a white very ugly thing
  4999 | D        | Noticed an ironbound preserver
  5001 | D        | Noticed an ironbound preserver
  5002 | D        | Noticed an ironbound preserver
  5006 | D        | Killed a white very ugly thing
  5011 | D        | Killed an ironbound preserver
  5011 | D        | Noticed a brown very ugly thing
  5017 | D        | Killed an ironbound preserver
  5021 | D        | Killed an ironbound preserver
  5021 | D        | Received a gift from Trog
  5033 | D        | Noticed an ironbound preserver
  5037 | D        | Killed a brown very ugly thing
  5052 | D        | Killed an ironbound preserver
  5052 | D        | Received a gift from Trog
  5053 | D        | Reached skill level 10 in Shields
  5272 | D        | Noticed Frederick
  5288 | D        | Killed Frederick
  5537 | D        | Noticed Margery
  5547 | D        | Killed Margery
  5547 | D        | Received a gift from Trog
  5558 | D        | Received a gift from Trog
  6020 | D        | Noticed Nikola
  6034 | D        | Killed Nikola
  6111 | D        | Reached XP level 15. HP: 174/174 MP: 12/12
  6122 | D        | Received a gift from Trog
  6145 | D        | Got a decaying rune of Zot
  6287 | D        | Noticed an emperor scorpion
  6287 | D        | Noticed an emperor scorpion
  6293 | D        | Killed an emperor scorpion
  6294 | D        | Reached skill level 15 in Shields
  6309 | D        | Received a gift from Trog
  6315 | D        | Killed an emperor scorpion
  6318 | D        | Noticed an emperor scorpion
  6338 | D        | Killed an emperor scorpion
  6344 | D        | Noticed an emperor scorpion
  6353 | D        | Killed an emperor scorpion
  6360 | D        | Got a gossamer rune of Zot
  6428 | D        | Noticed Ilsuiw
  6430 | D        | Received a gift from Trog
  6447 | D        | Killed Ilsuiw
  6453 | D        | Received a gift from Trog
  6478 | D        | Received a gift from Trog
  6505 | D        | Got a barnacled rune of Zot
  6582 | D        | Noticed a nagaraja
  6582 | D        | Noticed a nagaraja
  6583 | D        | Noticed a nagaraja
  6588 | D        | Killed a nagaraja
  6589 | D        | Noticed a nagaraja
  6596 | D        | Noticed a nagaraja
  6610 | D        | Killed a nagaraja
  6615 | D        | Killed a nagaraja
  6615 | D        | Received a gift from Trog
  6618 | D        | Noticed a nagaraja
  6627 | D        | Killed a nagaraja
  6642 | D        | Killed a nagaraja
  6646 | D        | Killed a nagaraja
  6646 | D        | Received a gift from Trog
  6685 | D        | Received a gift from Trog
  6693 | D        | Got a serpentine rune of Zot
  6917 | D        | Received a gift from Trog
  6950 | D        | Received a gift from Trog
  6956 | D        | Reached XP level 16. HP: 179/183 MP: 13/13
  7003 | D        | Received a gift from Trog
  7136 | D        | Found the +4 robe of Augmentation {Str+4 Int+4 Dex+4}
  7136 | D        | Noticed a shadow dragon
  7147 | D        | Received a gift from Trog
  7164 | D        | Noticed a shadow dragon
  7175 | D        | Killed a shadow dragon
  7175 | D        | Received a gift from Trog
  7184 | D        | Noticed a shadow dragon
  7199 | D        | Noticed an Orb Guardian
  7215 | D        | Noticed an Orb Guardian
  7216 | D        | Killed a shadow dragon
  7228 | D        | Killed a shadow dragon
  7229 | D        | Reached skill level 27 in Shields
  7236 | D        | Noticed an Orb Guardian
  7236 | D        | HP: 8/183 [something (3)]
  7237 | D        | Killed from afar by a black draconian knight

Illustrated notes

Levels and vault maps discovered:
D:        linesprint [early_d, line_temple, items_1, d_10, items_2, lair_1,
          lair_end, items_3, orc_1, orc_end, items_4, d_15, swamp_1, shoals_1,
          snake_1, spider_1, d_20, vaults_1, items_5, swamp_end, shoals_end,
          snake_end, spider_end, vaults_end, d_27, items_6, zot_1, zot_end,
          crypt_end, forest_end, elf_end, slime_end, tomb_end, abyss_end,
          pan_hell_end]

Skill      XL: |  1  2  3  4  5  6  7  8  9 10 11 12 13 14 15 16 |
---------------+-------------------------------------------------+-----
Fighting       | 6 8 10 11 12 14 16 18 20 23 27 | 27.0
Long Blades    | 7 9 11 13 14 16 18 21 23 25 27 | 27.0
Armour         | 3 4 5 6 7 9 11 13 14 16 20 24 26 | 26.8
Dodging        | 3 4 5 6 8 9 10 11 13 16 22 23 | 23.7
Stealth        | 1 3 5 7 |  7.6
Shields        | 2 13 23 27 | 27.0

Action                   |  1- 3 |  4- 6 |  7- 9 | 10-12 | 13-15 | 16-18 || total
-------------------------+-------+-------+-------+-------+-------+-------++-------
Melee: Falchion          |    11 |    15 |       |       |       |       ||    26
       Headbutt          |     2 |     3 |    10 |    46 |   150 |    37 ||   248
       Punch             |     1 |       |     2 |     1 |     1 |       ||     5
       Scimitar          |       |     6 |    41 |    35 |       |       ||    82
       Demon blade       |       |       |       |   183 |   498 |   107 ||   788
Invok: Berserk           |     1 |     1 |     2 |     8 |    18 |     2 ||    32
       Brothers in Arms  |       |       |       |     3 |     4 |     3 ||    10
       Trog's Hand       |       |       |       |     2 |    12 |     1 ||    15
  Use: Scroll            |       |       |     4 |     3 |     4 |       ||    11
       Potion            |       |       |       |     1 |    10 |     3 ||    14
Armor: Animal skin       |     2 |     1 |       |       |       |       ||     3
       Ring mail         |       |     1 |     8 |    76 |    50 |       ||   135
       Gold dragon scale |       |       |       |       |   127 |    39 ||   166
Dodge: Dodged            |     4 |     9 |    13 |   107 |   202 |    26 ||   361
Block: Kite shield       |       |       |       |       |   180 |    60 ||   240
       Reflection        |       |       |       |       |     7 |     2 ||     9
